 Dungeon Crawl Stone Soup version 0.16.2-3-ga078185 (webtiles) character file.

1176 dvd the Covert (level 8, 0/37 HPs)
             Began as a Spriggan Enchanter on Sept 9, 2015.
             Was a Follower of Fedhas.
             Killed by divine providence
             ... invoked by an orc priest
              (13 damage)
             ... on level 5 of the Dungeon.
             The game lasted 00:36:57 (6348 turns).

dvd the Covert (Spriggan Enchanter)                 Turns: 6348, Time: 00:36:57

Health: 0/37       AC:  4    Str:  6    XL:     8   Next: 18%
Magic:  22/24      EV: 19    Int: 19    God:    Fedhas [*.....]
Gold:   220        SH:  0    Dex: 16    Spells: 4 memorised, 7 levels left

rFire  . . .     SeeInvis +     a - +2 dagger
rCold  . . .     Clarity  .     b - +1 robe
rNeg   + . .     SustAb   .     (shield restricted)
rPois  .         Gourm    .     (helmet restricted)
rElec  .         Spirit   .     k - +0 cloak
rCorr  .         Warding  +     (gloves unavailable)
rMut   .         Stasis   .     (boots unavailable)
MR     +....                    g - amulet of warding
Stlth  +++++.....               (no ring)
                                p - +2 ring of strength

@: very quick, somewhat resistant to hostile enchantments, quite stealthy
A: unfitting armour, see invisible, herbivore 3, speed 3, slow metabolism 2
a: Evolution, Renounce Religion


You were on level 5 of the Dungeon.
You worshipped Fedhas.
Fedhas was aware of your devotion.
You were not hungry.

You visited 1 branch of the dungeon, and saw 5 of its levels.

You collected 220 gold pieces.

Inventory:

Hand weapons
 a - a +2 dagger (weapon)
 z - a +2 whip of electrocution
Missiles
 i - 4 javelins (quivered)
Armour
 b - a +1 robe (worn)
 k - a +0 cloak (worn)
Jewellery
 e - an uncursed ring of see invisible {unknown}
 g - an amulet of warding (around neck)
 p - a +2 ring of strength (left hand)
Magical devices
 q - a wand of polymorph (24)
Scrolls
 m - 4 scrolls of identify
 n - a scroll of enchant weapon
 o - a scroll of fear
 y - 2 scrolls of remove curse
Potions
 h - a potion of resistance {unknown}
 j - a potion of heal wounds
 l - a potion of agility {unknown}
 r - a potion of haste {unknown}
 v - 2 potions of restore abilities {unknown}
 w - a potion of berserk rage {unknown}
 A - a potion of lignification {unknown}
Books
 c - a book of Maledictions

   Spells                             Type                      Level
   a - Corona                         Hexes                        1
   b - Sure Blade                     Hexes/Charms                 2
   c - Ensorcelled Hibernation        Hexes/Ice                    2
   d - Confuse                        Hexes                        3
   e - Dazzling Spray                 Conjuration/Hexes            3
   f - Enslavement                    Hexes                        4
Comestibles
 d - 4 bread rations
 f - a slice of pizza


   Skills:
 + Level 1.3 Fighting
 + Level 3.0 Short Blades
 + Level 4.5 Dodging
 + Level 9.2 Stealth
 + Level 5.6 Spellcasting
 + Level 6.6 Hexes
 + Level 1.3 Charms
 + Level 2.2 Ice Magic


You had 7 spell levels left.
You knew the following spells:

 Your Spells              Type           Power        Failure   Level  Hunger
a - Confuse               Hex            ####....     1%          3    ##.....
b - Ensorcelled Hibernat  Hex/Ice        ###...       3%          2    None
c - Sure Blade            Hex/Chrm       ###.......   4%          2    None
d - Enslavement           Hex            ####....     10%         4    ####...


Dungeon Overview and Level Annotations

Branches:
Dungeon (5/15)
 Temple: D:4-7

Altars:
Ashenzari
Elyvilon
Fedhas
Kikubaaqudgha
Makhleb
Nemelex Xobeh
Trog
The Shining One


Innate Abilities, Weirdness & Mutations

You are tiny and cannot use many weapons and most armour.
You have supernaturally acute eyesight.
You are a herbivore.
You cover ground extremely quickly.
You need consume almost no food.


Message History

The orc priest shouts!
The orc priest shouts!
Casting: Ensorcelled Hibernation
Confirm with . or Enter, or press ? or * to list all spells.
Aiming: Ensorcelled Hibernation
Press: ? - help, Shift-Dir - straight line, f - orc, p - wandering mushroom
Aim: an orc, wielding a trident (chance 69%)
The orc looks drowsy...
The helpless orc fails to defend itself.
You stick the orc like a pincushion!!!
You kill the orc!
The orc priest mumbles some strange prayers to Beogh against you.
Something smites you!
The orc priest mumbles some strange prayers to Beogh against you.
Something smites you!
An orc comes into view. It is wielding a flail.
The orc priest calls down the wrath of Beogh upon you.
Something smites you!
You die...
Fedhas appreciates your contribution to the ecosystem.

##...###############...# #####
##..## ##...# ###### #####....#
###....## ###........#
####..?....### ###...........
.............#####....#####....
......o.o.o).....f..### #....
.%.o..#####..@....## #....
...... ###....## ..... ###..
###.## ...## ##. ### .### # #


You could see 2 orc priests, an orc (wandering) and a friendly wandering
mushroom.

Vanquished Creatures
  Grinder (D:4)
  The ghost of dscm the Digger, an average OpEE (D:4)
  An ice beast (D:4)
  A centaur (D:5)
  Duvessa (D:4)
  3 scorpions (D:4)
  Dowan (D:4)
  A giant frog zombie (D:5)
  A hound (D:4)
  An orc priest (D:4)
  4 orc wizards (D:4)
  Natasha (twice) (D:3)
  A worker ant (D:4)
  Ijyb (D:3)
  Terence (D:2)
  6 adders
  A shadow imp (D:3)
  2 worms (D:3)
  An adder skeleton (D:4)
  4 giant geckos
  An ooze (D:4)
  11 orcs
  2 ball pythons
  8 bats
  4 giant cockroaches
  11 hobgoblins
  A jackal (D:4)
  6 kobolds
  3 quokkas
  2 giant newts
  10 goblins
  14 rats
  A fungus (D:4)
109 creatures vanquished.

Vanquished Creatures (others)
  An adder (D:4)
  35 toadstools
36 creatures vanquished.

Grand Total: 145 creatures vanquished

Notes
Turn   | Place    | Note
--------------------------------------------------------------
     0 | D:1      | dvd, the Spriggan Enchanter, began the quest for the Orb.
     0 | D:1      | Reached XP level 1. HP: 9/9 MP: 4/4
   578 | D:1      | Reached XP level 2. HP: 13/13 MP: 3/7
   582 | D:1      | Learned a level 2 spell: Ensorcelled Hibernation
   586 | D:1      | Learned a level 2 spell: Sure Blade
  1579 | D:2      | Found a glowing golden altar of the Shining One.
  1809 | D:2      | Reached skill level 5 in Stealth
  1935 | D:2      | Reached XP level 3. HP: 14/16 MP: 0/9
  2066 | D:2      | Learned a level 3 spell: Confuse
  2078 | D:2      | Found a shattered altar of Ashenzari.
  2177 | D:2      | Noticed Terence
  2188 | D:2      | Killed Terence
  2188 | D:2      | Reached skill level 6 in Stealth
  2213 | D:2      | Reached XP level 4. HP: 21/21 MP: 1/13
  2432 | D:3      | Found an ancient bone altar of Kikubaaqudgha.
  2433 | D:3      | Found a burning altar of Makhleb.
  2433 | D:3      | Found a white marble altar of Elyvilon.
  2613 | D:3      | Noticed Ijyb
  2638 | D:3      | Killed Ijyb
  2894 | D:3      | Reached skill level 1 in Ice Magic
  2947 | D:3      | Noticed a moth of wrath
  2949 | D:3      | Noticed Natasha
  2950 | D:3      | Found a bloodstained altar of Trog.
  2953 | D:3      | Killed Natasha
  2953 | D:3      | Reached XP level 5. HP: 24/24 MP: 0/16
  3608 | D:3      | Noticed Natasha
  3620 | D:3      | Killed Natasha
  3675 | D:4      | Noticed Grinder
  3684 | D:4      | Killed Grinder
  3684 | D:4      | Reached skill level 7 in Stealth
  3684 | D:4      | Reached skill level 5 in Hexes
  3684 | D:4      | Reached XP level 6. HP: 19/29 MP: 12/19
  3725 | D:4      | Noticed Dowan
  3728 | D:4      | Noticed Duvessa
  3740 | D:4      | Killed Dowan
  3841 | D:4      | Killed Duvessa
  3841 | D:4      | Reached skill level 1 in Fighting
  4061 | D:4      | Learned a level 4 spell: Enslavement
  4183 | D:4      | Reached XP level 7. HP: 28/33 MP: 5/21
  4419 | D:4      | Noticed dscm's ghost (average OpEE)
  4562 | D:4      | Killed dscm's ghost
  4762 | D:4      | Reached skill level 1 in Charms
  4807 | D:4      | Found a sparkling altar of Nemelex Xobeh.
  4821 | D:4      | Found a blossoming altar of Fedhas.
  4839 | D:4      | Became a worshipper of Fedhas Madash
  5194 | D:4      | Reached skill level 8 in Stealth
  5407 | D:4      | Noticed an ice beast
  5435 | D:4      | Killed an ice beast
  5435 | D:4      | Reached skill level 5 in Spellcasting
  5746 | D:4      | Acquired Fedhas' first power
  5768 | D:4      | Reached XP level 8. HP: 17/37 MP: 0/24
  6278 | D:5      | Entered Level 5 of the Dungeon
  6300 | D:5      | Reached skill level 9 in Stealth
  6348 | D:5      | Killed from afar by an orc priest

Action                   |  1- 3 |  4- 6 |  7- 9 || total
-------------------------+-------+-------+-------++-------
Melee: Dagger            |    55 |   102 |   111 ||   268
 Cast: Corona            |     6 |       |       ||     6
       Ensorcelled Hiber |    29 |    45 |    51 ||   125
       Sure Blade        |     2 |     7 |    12 ||    21
       Confuse           |       |    10 |    12 ||    22
       Enslavement       |       |       |     1 ||     1
Invok: Evolution         |       |       |     1 ||     1
  Use: Scroll            |     7 |       |     4 ||    11
       Potion            |       |       |     1 ||     1
 Stab: Sleeping          |    26 |    22 |    29 ||    77
       Confused          |       |     7 |     2 ||     9
       Distracted        |       |       |     1 ||     1
  Eat: Bread ration      |       |     1 |     1 ||     2
